 Dungeon Crawl Stone Soup version 0.29-a0-322-g68df515428 (webtiles) character file.

Game seed: 3988712422791500551

7 ImHallYall the Insei (level 1, -2/15 HPs)
             Began as a Demigod Transmuter on Apr 6, 2022.
             Slain by a goblin
             ... wielding a +0 dagger
              (4 damage)
             ... on level 1 of the Dungeon.
             The game lasted 00:01:10 (324 turns).

ImHallYall the Insei (Demigod Transmuter)            Turns: 324, Time: 00:01:11

Health: -2/15      AC:  2    Str: 11    XL:     1   Next: 66%
Magic:  5/5        EV: 12    Int: 15    God:
Gold:   6          SH:  0    Dex: 14    Spells: 2/3 levels left

rFire   . . .      SeeInvis .   g - +0 spear
rCold   . . .      Faith    .   (no shield)
rNeg    . . .      Spirit   .   a - +0 robe
rPois   .          Reflect  .   (no helmet)
rElec   .          Harm     .   (no cloak)
rCorr   .          Rampage  .   (no gloves)
Will    .....                   (no boots)
Stlth   +.........              (no amulet)
HPRegen 0.05/turn               (no ring)
MPRegen 0.09/turn               (no ring)

@: no status effects
A: high MP 1, forlorn, divine attributes
a: no special abilities


You were on level 1 of the Dungeon.
You visited 1 branch of the dungeon, and saw 1 of its levels.

You collected 6 gold pieces.

Inventory:

Hand Weapons
 d - a +0 club
 f - a +0 hand axe
 g - a +0 spear (weapon)
Armour
 a - a +0 robe (worn)
 e - a +0 cloak
Scrolls
 h - a scroll of noise {unknown}
Potions
 b - a potion of lignification
 c - a potion of cancellation {unknown}


   Skills:
 + Level 0.8 Fighting
 + Level 1.7 Dodging
 + Level 3.1 Unarmed Combat
 + Level 1.8 Spellcasting
 + Level 1.7 Transmutations


You had 2 spell levels left.
You knew the following spells:

 Your Spells              Type           Power      Damage    Failure   Level
a - Beastly Appendage     Tmut           12%        N/A       11%         1

Your spell library contained the following spells:

 Spells                   Type           Power      Damage    Failure   Level
 Wereblood                Tmut           6%         N/A       17%         2
 Spider Form              Tmut/Pois      4%         N/A       43%         3
 Ice Form                 Ice/Tmut       4%         N/A       83%         4


Dungeon Overview and Level Annotations

Branches:
Dungeon (1/15)


Innate Abilities, Weirdness & Mutations

You have an increased reservoir of magic. (+10% MP)
You shall have no god before yourself.
Your divine heritage dramatically boosts your attributes as you level up.


Message History

The kobold throws a stone.
The stone hits you but does no damage.
The kobold throws a stone.
The stone hits you but does no damage.
The kobold throws a stone.
The stone barely misses you.
The kobold throws a stone.
The stone hits you but does no damage. The kobold completely misses you.
You hit the kobold.
You kill the kobold!
Your Unarmed Combat skill increases to level 3!
Things that are here:
a +0 dagger; a stone; a kobold corpse
Things that are here:
a +0 dagger; a stone; a kobold corpse You see here a goblin skeleton.
h - a scroll labelled RIVIVA SEVODD A giant cockroach comes into view.
A kobold and a goblin come into view.
The goblin shouts!
The kobold shouts!
You barely miss the giant cockroach. The goblin barely misses you.
The giant cockroach closely misses you.
You hit the giant cockroach but do no damage.
The giant cockroach bites you. The goblin hits you but does no damage.
You hit the giant cockroach.
The giant cockroach is heavily wounded.
The giant cockroach bites you. The goblin hits you with a +0 dagger.
The giant cockroach closely misses you.
You hit the giant cockroach.
You kill the giant cockroach!
The goblin hits you with a +0 dagger.
A dart slug comes into view.
Found a scroll labelled MEPPOU SOZE.
The kobold hits you with a +0 dagger. The goblin closely misses you.
You closely miss the goblin. The kobold hits you with a +0 dagger.
The goblin hits you with a +0 dagger.
* * * LOW HITPOINT WARNING * * *
You hit the goblin.
The goblin is heavily wounded.
The kobold closely misses you. The goblin hits you with a +0 dagger.
* * * LOW HITPOINT WARNING * * *
The goblin hits you with a +0 dagger.
You die...

#...÷.##
##......#
#?..#
#.......#
#...#
#...##.÷.#
#...# ...##
..... #.w.#
..## #÷....
#...# # ..#
...## #...#
.# ### ...#
###.K.##.#
#.g@.....#
###.#..###
#######.#..#
...........#
##...##....#
##
##..##....##
.#
#.........#
.###
#.#.......#
...#
#.......#


You could see a dart slug, a goblin and a kobold.

Vanquished Creatures
  2 giant cockroaches (D:1)
  A goblin (D:1)
  A kobold (D:1)
  A ball python (D:1)
  A frilled lizard (D:1)
6 creatures vanquished.

Notes
Turn   | Place    | Note
-------+----------+-------------------------------------------
     0 | D:1      | ImHallYall the Demigod Transmuter began the quest for the
                  | Orb.
     0 | D:1      | Reached XP level 1. HP: 15/15 MP: 5/5
   221 | D:1      | Reached skill level 3 in Unarmed Combat
   324 | D:1      | Slain by a goblin

Illustrated notes

Levels and vault maps discovered:
D:1:      amcnicky_arrival_wind_blow, layout_loops_ring, chequers_garden,
          chequers_serial_rivers_micro_c

Skill      XL: |  1 |
---------------+----+-----
Unarmed Combat | 3 |  3.1
Fighting       | |  0.8
Dodging        | |  1.7
Spellcasting   | |  1.8
Transmutations | |  1.7

Action                   || total
-------------------------++-------
Melee: Club              ||     7
       Spear             ||     7
       Unarmed           ||     4
       Kick              ||     1
       Headbutt          ||     1
 Cast: Beastly Appendage ||     1
Armor: Robe              ||     6
Dodge: Dodged            ||    13

Table legend: (Time is in decaauts)
 A = Elapsed time spent in this place.
 B = Non-inter-level travel time spent in this place.
 C = Inter-level travel time spent in this place.
 D = Time resting spent in this place.
 E = Time spent auto-exploring this place.
 F = Levels seen in this place.
 G = Mean time per level.
                   A        B        C        D        E       F      G
               +--------+--------+--------+--------+--------+-----+--------+
         Total |    324 |    324 |      0 |     96 |     89 |   1 |  324.0 |
       Dungeon |    324 |    324 |      0 |     96 |     89 |   1 |  324.0 |
               +--------+--------+--------+--------+--------+-----+--------+

Top non-repeatable levels by time:
     D:1: 324 daAuts
